Map: Data-C

Players

Rengen - Winner!

  • Race: Protoss Protoss
  • Spawn Location: 9:00

BeNeFiT

  • Race: Protoss Protoss
  • Spawn Location: 3:00

Event: DreamHack SC2 Masters 2022 Atlanta (Offline)

VOD

Have the link to the VOD?

Description

Time

  • Played on: Nov. 18, 2022, 1:46 p.m.
  • Length: 16:13

All games in this series

Show
View Real Time Build Order
Export as new Build Order

Rengen Protoss - Winner!

Build Orders: Phoenix Opening 

Get SALT Encoding   

  12  0:00  Probe  
  13  0:12  Probe  
  14  0:18  Pylon  
  14  0:24  Probe  
  15  0:36  Probe (Chrono Boost)  
  15  0:39  Gateway  
  16  0:46  Probe (Chrono Boost)  
  16  0:47  Assimilator  
  17  0:51  Probe (Chrono Boost)  
  18  1:03  Probe  
  19  1:04  Assimilator  
  19  1:09  Pylon  
  19  1:16  Probe  
  20  1:28  Cybernetics Core  
  20  1:29  Probe  
  21  1:33  Zealot  
  23  1:42  Probe  
  24  1:56  Pylon  
  24  2:11  Stargate, Probe  
  24  2:15  Stalker (Chrono Boost)  
  27  2:23  Probe  
  27  2:28  Pylon  
  28  2:32  Warp Gate  
  28  2:35  Probe  
  28  2:36  Stalker (Chrono Boost), Pylon  
  29  2:42  Shield Battery  
  30  2:47  Probe  
  31  2:55  Phoenix (Chrono Boost)  
  33  3:08  Pylon  
  33  3:29  Phoenix (Chrono Boost)  
  33  3:32  Probe  
  36  3:44  Probe  
  36  3:45  Gateway  
  37  3:49  Gateway  
  37  3:56  Twilight Council, Probe  
  38  4:19  Nexus, Pylon  
  38  4:25  Probe  
  38  4:30  Pylon  
  39  4:34  Blink (Chrono Boost)  
  39  4:37  Probe  
  40  4:41  Phoenix  
  42  4:49  Pylon  
  42  4:52  Probe  
  43  5:01  Shield Battery  
  43  5:03  Sentry  
  43  5:04  Probe  
  43  5:05  Sentry  
  48  5:16  Probe (Chrono Boost)  
  48  5:17  Sentry  
  51  5:27  Pylon  
  51  5:28  Probe (Chrono Boost)  
  52  5:33  Probe (Chrono Boost)  
  52  5:34  Probe (Chrono Boost)  
  54  5:41  Robotics Facility  
  55  5:43  Probe (Chrono Boost)  
  55  5:46  Probe (Chrono Boost)  
  55  5:47  Probe (Chrono Boost)  
  57  5:55  Probe  
  58  6:00  Probe  
  59  6:07  Probe  
  59  6:08  Pylon  
  59  6:10  Nexus, Stalker  
  62  6:17  Probe, Stalker  
  65  6:20  Assimilator  
  65  6:21  Pylon  
  65  6:28  Probe  
  65  6:29  Observer (Chrono Boost)  
  67  6:37  Stalker x2  
  71  6:40  Probe  
  71  6:41  Probe  
  71  6:42  Shield Battery  
  73  6:48  Observer (Chrono Boost)  
  73  6:53  Probe  
  75  6:54  Stalker  
  75  6:55  Probe  
  75  7:00  Gateway  
  78  7:01  Gateway  
  78  7:05  Probe  
  79  7:09  Probe  
  76  7:17  Probe  
  76  7:19  Stalker x2  
  76  7:21  Probe  
  76  7:22  Probe  
  83  7:28  Forge  
  83  7:29  Probe, Stalker  
  87  7:30  Observer (Chrono Boost)  
  87  7:33  Probe  
  87  7:34  Probe  
  89  7:37  Charge  
  89  7:41  Probe  
  90  7:44  Stalker x2  
  90  7:45  Probe  
  95  7:56  Probe  
  96  8:02  Stalker x2  
  96  8:03  Stalker  
  96  8:05  Probe x2  
  104  8:13  Probe  
  104  8:19  Stalker x2  
  108  8:27  Probe x2  
  108  8:33  Stalker x2  
  113  8:35  Assimilator  
  113  8:37  Assimilator  
  113  8:41  Pylon  
  109  8:44  Probe  
  109  8:45  Stalker x2  
  109  8:46  Probe  
  111  8:53  Gateway  
  111  8:54  Pylon  
  111  8:55  Gateway  
  111  8:56  Photon Cannon x3, Pylon  
  111  8:59  Photon Cannon, Stalker  
  113  9:13  Zealot x4  
  119  9:22  Photon Cannon  
  119  9:31  Zealot  
  119  9:35  Zealot x3  
  119  9:36  Protoss Ground Weapons Level 1 (Chrono Boost), Zealot  
  126  9:47  Pylon  
  126  9:49  Probe x2  
  126  9:50  Zealot  
  126  9:51  Zealot  
  126  9:52  Zealot  
  132  10:01  Zealot x4  
  140  10:07  Nexus  
  140  10:08  Pylon  
  140  10:10  Photon Cannon  
  140  10:13  Photon Cannon  
  140  10:15  Templar Archives  
  138  10:36  Zealot x3  
  138  10:37  Zealot x2  
  138  10:42  Assimilator  
  148  10:44  Shield Battery  
  148  10:46  Shield Battery  
  148  10:54  Probe x3  
  148  10:56  High Templar x3  
  157  11:00  Archon, Pylon  
  157  11:08  Pylon  
  157  11:12  Protoss Ground Weapons Level 2 (Chrono Boost)  
  157  11:13  Shield Battery, Pylon  
  157  11:18  Gateway  
  157  11:19  Gateway  
  157  11:20  Zealot x4  
  157  11:23  Robotics Bay  
  165  11:32  High Templar x3  
  171  11:39  Robotics Facility  
  171  11:41  Archon  
  171  11:43  Archon  
  167  12:04  Probe  
  166  12:09  Zealot x7  
  166  12:12  Probe  
  166  12:13  Probe x2  
  166  12:14  Assimilator  
  179  12:15  Photon Cannon  
  179  12:16  Pylon  
  179  12:17  Assimilator  
  179  12:22  Photon Cannon  
  169  12:27  Zealot x2  
  149  12:33  Zealot x5  
  149  12:34  Zealot x2  
  154  12:46  Nexus  
  154  12:48  Pylon  
  154  12:50  Disruptor (Chrono Boost), Stalker x2  
  150  12:53  Disruptor (Chrono Boost)  
  145  13:03  Pylon  
  128  13:13  Zealot x5  
  128  13:14  Zealot x4  
  128  13:19  Observer  
  145  13:21  Disruptor  
  145  13:26  Protoss Ground Weapons Level 3 (Chrono Boost)  
  148  13:28  Pylon  
  148  13:30  Nexus  
  148  13:34  Photon Cannon, Probe x3  
  148  13:40  Disruptor  
  154  13:44  Pylon  
  154  13:45  Stalker x4  
  154  13:46  Stalker  
  164  13:49  Photon Cannon  
  164  13:53  Photon Cannon  
  162  14:09  Disruptor  
  165  14:16  Disruptor, Dark Shrine  
  168  14:20  Zealot x9  
  186  14:30  Photon Cannon  
  184  14:32  Shield Battery  
  184  14:34  Photon Cannon  
  176  14:48  Disruptor  
  176  14:50  Stalker x5  
  176  14:51  Disruptor  
  184  15:10  Stalker  
  184  15:11  Stalker x3  
  170  15:18  Pylon  
  170  15:19  Photon Cannon  
  168  15:24  Gateway  
  168  15:28  Stalker x2  
  172  15:34  Gateway  
  172  15:40  Dark Templar x5  
  172  15:41  Dark Templar  
  184  15:46  Pylon  
  164  16:11  Stalker x3  
Show
View Real Time Build Order
Export as new Build Order

BeNeFiT Protoss 

Build Orders: Oracle Opening 

Get SALT Encoding   

  12  0:00  Probe  
  13  0:12  Probe  
  14  0:19  Pylon  
  14  0:24  Probe  
  15  0:37  Probe (Chrono Boost)  
  15  0:39  Gateway  
  16  0:47  Probe (Chrono Boost)  
  16  0:48  Assimilator  
  17  0:52  Probe (Chrono Boost)  
  18  1:04  Probe  
  19  1:14  Pylon  
  19  1:16  Probe, Assimilator  
  20  1:26  Cybernetics Core  
  20  1:29  Probe (Chrono Boost)  
  21  1:33  Zealot  
  21  1:39  Probe (Chrono Boost)  
  24  1:44  Probe (Chrono Boost)  
  25  1:55  Probe  
  25  2:00  Pylon  
  26  2:06  Stargate  
  26  2:09  Probe  
  26  2:10  Adept (Chrono Boost)  
  29  2:16  Warp Gate  
  29  2:27  Cybernetics Core  
  29  2:34  Pylon  
  29  2:40  Stalker  
  31  2:53  Oracle  
  34  3:20  Shield Battery  
  34  3:23  Nexus  
  34  3:26  Probe  
  33  3:38  Probe, Stalker  
  34  3:50  Probe  
  34  3:51  Pylon  
  35  3:59  Twilight Council  
  35  4:09  Shield Battery  
  32  4:21  Void Ray (Chrono Boost)  
  32  4:23  Stalker  
  38  4:31  Shield Battery  
  37  4:40  Gateway  
  37  4:49  Stalker  
  37  4:50  Blink (Chrono Boost)  
  38  5:01  Pylon  
  38  5:04  Probe  
  39  5:09  Probe  
  39  5:12  Sentry  
  42  5:16  Probe  
  43  5:22  Probe  
  43  5:24  Dark Shrine  
  42  5:28  Probe  
  42  5:31  Phoenix  
  42  5:34  Probe  
  44  5:41  Probe  
  45  5:46  Probe  
  45  5:53  Probe  
  46  5:57  Assimilator  
  46  5:58  Probe  
  47  6:04  Pylon  
  47  6:05  Probe  
  47  6:10  Probe  
  49  6:17  Probe  
  48  6:22  Probe  
  49  6:29  Probe  
  50  6:33  Nexus  
  50  6:34  Probe, Stalker, Pylon  
  53  6:40  Dark Templar  
  53  6:41  Probe  
  53  6:46  Probe  
  57  6:53  Probe  
  58  6:56  Gateway  
  58  6:57  Dark Templar, Gateway  
  58  6:59  Probe  
  61  7:05  Shield Battery  
  61  7:11  Probe  
  62  7:16  Stalker  
  62  7:18  Probe  
  62  7:20  Charge (Chrono Boost)  
  61  7:23  Probe  
  61  7:25  Pylon  
  62  7:30  Probe  
  62  7:34  Stalker  
  62  7:35  Probe  
  66  7:42  Probe  
  67  7:45  Probe  
  67  7:46  Stalker, Pylon  
  67  7:47  Probe  
  67  7:50  Gateway  
  71  7:51  Gateway  
  71  7:54  Probe  
  71  7:57  Probe  
  70  7:59  Probe  
  70  8:04  Gateway  
  71  8:06  Probe  
  71  8:08  Gateway  
  71  8:09  Probe  
  71  8:11  Probe  
  73  8:14  Stalker  
  73  8:19  Probe, Stalker x2  
  80  8:21  Probe  
  80  8:26  Probe  
  80  8:27  Shield Battery  
  82  8:30  Stalker  
  82  8:31  Probe  
  83  8:34  Probe  
  78  8:41  Stalker  
  78  8:42  Stalker  
  78  8:43  Probe  
  78  8:46  Stalker  
  78  8:48  Probe  
  81  8:59  Probe x2  
  81  9:00  Probe  
  81  9:02  Zealot  
  83  9:11  Probe x2  
  83  9:12  Probe  
  83  9:14  Dark Templar x2  
  88  9:23  Probe x2  
  90  9:25  Forge  
  90  9:26  Zealot x3  
  95  9:35  Zealot x3  
  99  9:49  Nexus  
  99  9:50  Probe  
  99  9:55  Protoss Ground Weapons Level 1 (Chrono Boost)  
  97  10:02  Probe x2  
  97  10:07  Probe, Pylon  
  95  10:08  Stalker x2  
  95  10:12  Robotics Facility  
  100  10:14  Probe x2  
  100  10:18  Zealot x2  
  100  10:20  Probe  
  107  10:23  Assimilator  
  107  10:24  Assimilator  
  107  10:30  Templar Archives  
  107  10:32  Shield Battery  
  107  10:42  Nexus  
  105  11:01  Probe x2  
  107  11:04  Probe  
  107  11:05  Robotics Bay  
  107  11:13  Probe x2  
  107  11:16  Probe  
  110  11:21  High Templar  
  110  11:22  High Templar  
  110  11:24  Pylon  
  110  11:25  Probe x2  
  116  11:26  Archon  
  116  11:28  Probe  
  116  11:31  Pylon  
  117  11:33  Pylon  
  117  11:34  Pylon  
  117  11:40  Warp Prism (Chrono Boost)  
  117  11:42  Probe x2  
  117  11:43  Pylon  
  119  11:48  Stalker x3  
  125  11:56  Zealot x2  
  125  12:03  Probe  
  125  12:04  Zealot x2  
  129  12:10  Probe  
  129  12:12  Probe  
  129  12:13  Disruptor (Chrono Boost)  
  129  12:15  Zealot, Probe  
  134  12:20  Probe  
  128  12:22  Dark Templar  
  128  12:24  Probe  
  128  12:25  Probe  
  128  12:29  Zealot  
  119  12:30  Probe  
  101  12:38  Disruptor (Chrono Boost)  
  95  12:45  Probe  
  83  12:59  Zealot x7  
  97  13:07  Disruptor (Chrono Boost)  
  84  13:20  Nexus  
  84  13:22  Shield Battery  
  84  13:33  Stalker x3  
  90  13:36  Probe x3  
  90  13:40  Observer (Chrono Boost)  
  94  13:48  Probe x3  
  96  13:51  High Templar x2  
  96  13:52  Zealot  
  96  13:53  Zealot x2  
  107  13:56  Archon  
  107  13:59  Shield Battery  
  107  14:00  Probe x3  
  110  14:05  Stalker  
  111  14:12  Probe x3, Stalker  
  112  14:24  Disruptor, Probe x2, Assimilator  
  112  14:26  Assimilator  
  117  14:34  Zealot x3  
  117  14:35  Zealot  
  117  14:37  Probe x3  
  126  14:39  Probe  
  123  14:49  Zealot, Probe x2  
  102  15:11  Probe x3  
  103  15:19  Nexus  
  103  15:23  Probe x3  
  103  15:25  Shield Battery  
  103  15:27  Assimilator  
  102  15:32  Disruptor (Chrono Boost)  
  102  15:35  Probe x2  
  99  15:38  High Templar x2  
  99  15:40  Stalker x4  
  99  15:42  Probe  
  112  15:45  Archon  
  112  15:47  Probe  
  112  15:48  Probe  
  108  15:59  Probe  
  108  16:00  Zealot x2  
Tags
 
Add a new tag
Caveats
  • Supply blocks, unpowered buildings, or Contaminate may cause inaccurate times.
  • Supply counts are checked every 10 seconds.